 Dungeon Crawl Stone Soup version 0.30-a0-622-gddc90eaa04 (webtiles) character file.

Game seed: 5834050694253059070

91 Leeroy the Slasher (level 4, 0/30 (36) HPs)
             Began as a Draconian Reaver on Jan 10, 2023.
             Slain by Terence
             ... wielding a +0 mace
              (5 damage)
             ... on level 2 of the Dungeon.
             The game lasted 00:03:14 (2225 turns).

Leeroy the Slasher (Draconian Reaver)               Turns: 2225, Time: 00:03:15

HP:   0/30 (36)     AC:  5    Str: 15    XL:     4   Next: 33%
MP:   6/7           EV: 12    Int: 13    God:
Gold: 97            SH:  0    Dex: 11    Spells: 6/7 levels left

rFire   . . .      SeeInvis .    a - +0 falchion
rCold   . . .      Faith    .    (no shield)
rNeg    . . .      Spirit   .    (body armour unavailable)
rPois   .          Reflect  .    (helmet restricted)
rElec   .          Harm     .    (no cloak)
rCorr   .          Rampage  .    (no gloves)
Will    .....                    (no boots)
Stlth   +                        (no amulet)
HPRegen 0.25/turn                (no ring)
MPRegen 0.10/turn                (no ring)

@: heavily drained
A: AC +5, unfitting armour, cold-blooded
a: no special abilities


You were on level 2 of the Dungeon.
You visited 1 branch of the dungeon, and saw 2 of its levels.

You collected 97 gold pieces.

Inventory:

Hand Weapons
 a - a +0 falchion (weapon)
 h - a +0 dagger of electrocution
Scrolls
 b - 2 scrolls of enchant weapon {unknown}
 c - a scroll of blinking {unknown}
 e - a scroll of enchant armour {unknown}
 i - a scroll of identify {unknown}
Potions
 d - a potion of heal wounds {unknown}
 j - a potion of invisibility {unknown}


   Skills:
 - Level 2.1 Fighting
 + Level 4.6 Long Blades
 + Level 2.6 Dodging
 - Level 2.0 Spellcasting
 - Level 3.0 Conjurations


You had 6 spell levels left.
You knew the following spells:

 Your Spells              Type           Power      Damage    Failure   Level
a - Kiss of Death         Conj/Necr      20%        2d7       14%         1

Your spell library contained the following spells:

 Spells                   Type           Power      Damage    Failure   Level
 Momentum Strike          Conj/Tloc      10%        3d8       21%         2
 Hailstorm                Conj/Ice       5%         3d4       38%         3


Dungeon Overview and Level Annotations

Branches:
Dungeon (2/15)

Altars:

Annotations:
D:2 Terence


Innate Abilities, Weirdness & Mutations

Your plain brown scales are hard. (AC +5)
You cannot fit into any form of body armour.
You are cold-blooded and may be slowed by cold attacks.


Message History

Terence misses you. Terence hits you but does no damage.
You barely miss Terence. You tail-slap Terence.
Terence is heavily wounded.
Terence hits you but does no damage.
You hit Terence but do no damage.
Terence is heavily wounded.
Terence barely misses you.
You barely miss Terence.
Terence is heavily wounded.
Terence closely misses you.
You hit Terence.
Terence is severely wounded.
Terence hits you with a +0 mace.
You closely miss Terence.
You tail-slap Terence, but do no damage.
Terence is severely wounded.
Terence hits you with a +0 mace.
You closely miss Terence.
Terence is severely wounded.
Terence closely misses you.
You closely miss Terence.
Terence is severely wounded.
Terence hits you with a +0 mace.
You hit Terence but do no damage.
You tail-slap Terence, but do no damage.
Terence is heavily wounded.
Terence hits you with a +0 mace.
You hit Terence but do no damage.
Terence is heavily wounded.
Terence hits you with a +0 mace!
* * * LOW HITPOINT WARNING * * *
Casting: Kiss of Death (safe; 14% risk of failure)
Confirm with . or Enter, or press ? or * to list all spells.
Aiming: Kiss of Death (safe; 14% risk of failure)
Press: ? - help, Shift-Dir - straight line, f - Terence
Aim: Terence, wielding a +0 mace and wearing a +0 scale mail (heavily wounded, 100% to hit)
The negative energy hits Terence.
Terence is drained!
Terence is almost dead.
You feel drained. Terence hits you with a +0 mace.
You die...

. #............#
#............####+####
#.....[.....#.......#
#...................#
#...................#
#....................
#....................
#..@@...(............
#.##+#####...........
#...........#####)
########.....# #.
#..........†.# #.
#.######.....# #.
#............# #.
#######......# #.
#......### +.


You could see Terence (very drained).

Vanquished Creatures
  3 adders (D:2)
  A worm (D:2)
  2 dart slugs
  2 ball pythons
  2 bats
  5 endoplasms (D:1)
  A giant cockroach (D:1)
  4 goblins
  7 hobgoblins (D:1)
  10 jackals
  4 kobolds
  3 frilled lizards (D:1)
  5 rats
49 creatures vanquished.

Notes
Turn   | Place    | Note
-------+----------+-------------------------------------------
     0 | D:1      | Leeroy the Draconian Reaver began the quest for the Orb.
     0 | D:1      | Reached XP level 1. HP: 17/17 MP: 3/3
   233 | D:1      | Reached XP level 2. HP: 24/24 MP: 5/5
   728 | D:1      | Reached skill level 4 in Long Blades
   728 | D:1      | Reached XP level 3. HP: 29/29 MP: 6/6
  1773 | D:2      | Reached XP level 4. HP: 26/36 MP: 7/7
  2198 | D:2      | Noticed Terence
  2225 | D:2      | Slain by Terence

Illustrated notes

Levels and vault maps discovered:
D:1:      dpeg_arrival_rhombus, layout_basic
D:2:      layout_basic, hellmonk_ecumenical_altar_watching_god, uniq_terence

Skill      XL: |  1  2 |
---------------+-------+-----
Dodging        | 2 |  2.6
Long Blades    | 4 |  4.6
Fighting       | |  2.1
Spellcasting   | |  2.0
Conjurations   | |  3.0

Action                   |  1- 3 |  4- 6 || total
-------------------------+-------+-------++-------
Melee: Falchion          |   152 |    55 ||   207
       Tailslap          |    16 |     4 ||    20
 Cast: Kiss of Death     |       |     1 ||     1
  Use: Potion            |       |     2 ||     2
Armor: Skin              |    69 |    40 ||   109
Dodge: Dodged            |   137 |    33 ||   170

Table legend: (Time is in decaauts)
 A = Elapsed time spent in this place.
 B = Non-inter-level travel time spent in this place.
 C = Inter-level travel time spent in this place.
 D = Time resting spent in this place.
 E = Time spent auto-exploring this place.
 F = Levels seen in this place.
 G = Mean time per level.
                   A        B        C        D        E       F      G
               +--------+--------+--------+--------+--------+-----+--------+
         Total |   2257 |   2190 |     67 |      0 |   1807 |   2 | 1128.5 |
       Dungeon |   2257 |   2190 |     67 |      0 |   1807 |   2 | 1128.5 |
               +--------+--------+--------+--------+--------+-----+--------+

Top non-repeatable levels by time:
     D:1: 1368 daAuts
     D:2: 888 daAuts
